Map: Ultralove

Players

IgorFloxny - Winner!

  • Race: Terran Terran
  • League: Diamond
  • Spawn Location: 7:00

ManlyManMeat

  • Race: Protoss Protoss
  • League: Master
  • Spawn Location: 1:00

VOD

Have the link to the VOD?

Description

Time

  • Played on: June 13, 2025, 4:34 p.m.
  • Length: 7:47
Show
View Real Time Build Order
Export as new Build Order

IgorFloxny Terran - Winner!

Build Orders: Reaper Expand 

Get SALT Encoding   

  12  0:00  SCV  
  13  0:12  SCV  
  14  0:17  Supply Depot  
  14  0:24  SCV  
  15  0:39  SCV  
  15  0:40  Barracks  
  16  0:44  Refinery  
  16  0:51  SCV  
  17  1:09  SCV  
  18  1:27  Orbital Command  
  18  1:28  Reaper  
  19  1:41  Command Center  
  19  1:49  Supply Depot  
  19  1:53  SCV  
  20  2:00  Marine  
  21  2:10  Factory  
  21  2:11  SCV  
  22  2:16  Refinery  
  22  2:23  Barracks Tech Lab  
  22  2:54  SCV  
  22  2:57  Orbital Command  
  23  3:09  Barracks Reactor, Barracks  
  23  3:10  Cyclone, Barracks  
  26  3:13  SCV  
  27  3:23  SCV  
  28  3:29  SCV  
  29  3:35  SCV  
  29  3:41  SCV  
  30  4:07  Cyclone  
  33  4:11  Marine x2  
  34  4:21  SCV  
  34  4:22  SCV  
  36  4:24  Barracks Tech Lab  
  36  4:25  Barracks Tech Lab  
  36  4:27  Starport  
  36  4:31  Marine x2  
  36  4:34  SCV x2  
  40  4:39  Supply Depot  
  40  4:40  Supply Depot  
  40  4:46  Refinery, SCV x2  
  40  4:47  Marine x2  
  40  4:48  Refinery  
  40  4:49  Marine  
  45  4:58  SCV  
  46  5:01  Siege Tank, Stimpack, SCV  
  46  5:02  Supply Depot  
  46  5:03  Starport Reactor  
  50  5:08  Supply Depot  
  50  5:10  SCV  
  50  5:13  SCV, Marine  
  53  5:14  Marine  
  53  5:17  Combat Shield  
  53  5:20  Marine x2  
  56  5:22  SCV  
  56  5:25  SCV  
  58  5:34  SCV, Supply Depot  
  59  5:36  Supply Depot  
  59  5:37  SCV  
  59  5:42  Marine x3  
  61  5:46  SCV  
  61  5:47  Medivac x2  
  68  5:51  Marine  
  69  5:57  Siege Tank  
  69  5:58  Supply Depot x2  
  69  5:59  SCV  
  69  6:00  Marine  
  69  6:03  Marine x2  
  76  6:06  SCV  
  77  6:14  SCV  
  78  6:18  Marine  
  78  6:19  SCV, Marine  
  78  6:20  Medivac x2  
  78  6:21  Supply Depot  
  78  6:22  Supply Depot  
  85  6:26  Marine x2  
  83  6:51  Marine x4  
  83  6:52  Medivac x2, Siege Tank  
  94  7:09  Marine x4  
  95  7:26  Marine  
Show
View Real Time Build Order
Export as new Build Order

ManlyManMeat Protoss 

Build Orders:  

Get SALT Encoding   

  12  0:00  Probe  
  13  0:12  Probe  
  14  0:21  Pylon  
  14  0:24  Probe  
  15  0:37  Probe  
  16  0:43  Gateway  
  16  0:50  Gateway, Probe  
  17  1:05  Probe  
  18  1:14  Assimilator  
  18  1:15  Assimilator  
  18  1:17  Probe  
  19  1:32  Cybernetics Core  
  19  1:43  Probe  
  20  1:55  Probe  
  20  2:00  Nexus  
  21  2:09  Pylon  
  21  2:11  Adept  
  21  2:17  Adept  
  22  2:54  Adept x2  
  26  3:03  Probe  
  29  3:20  Warp Gate  
  27  3:21  Probe x2  
  27  3:24  Pylon  
  29  3:30  Adept x2  
  33  3:35  Probe  
  30  4:04  Zealot  
  30  4:05  Zealot  
  32  4:19  Probe  
  32  4:20  Probe  
  32  4:26  Robotics Facility  
  32  4:28  Probe  
  32  4:29  Stalker, Stargate  
  32  4:31  Forge  
  32  4:32  Probe  
  32  4:36  Probe  
  34  4:44  Probe  
  38  4:45  Probe  
  39  4:56  Probe  
  39  4:59  Probe  
  41  5:08  Probe  
  42  5:16  Probe  
  42  5:17  Twilight Council  
  42  5:20  Probe  
  44  5:24  Observer  
  44  5:26  Oracle  
  44  5:27  Stalker, Probe  
  51  5:29  Stalker  
  51  5:32  Probe  
  54  5:35  Shield Battery  
  54  5:36  Photon Cannon  
  54  5:43  Protoss Ground Weapons Level 1  
  54  6:15  Pylon  
  54  6:17  Pylon  
  54  6:20  Nexus  
  54  6:22  Pylon  
  54  6:33  Warp Prism, Probe x2  
  55  7:03  Phoenix  
  55  7:05  Stalker  
  55  7:06  Stalker  
  55  7:08  Probe x2  
  67  7:22  Phoenix  
Tags
 
Add a new tag
Caveats
  • Supply blocks, unpowered buildings, or Contaminate may cause inaccurate times.
  • Supply counts are checked every 10 seconds.